 Dungeon Crawl Stone Soup version 0.29-a0-872-g797fff5ad1 (webtiles) character file.

Game seed: 12028700878538405864

593 Zonian the Chiller (level 7, -2/46 HPs)
             Began as a Demonspawn Ice Elementalist on July 18, 2022.
             Slain by an ogre
             ... wielding a +0 giant club
              (13 damage)
             ... on level 5 of the Dungeon.
             The game lasted 00:09:54 (5884 turns).

Zonian the Chiller (Demonspawn Ice Elementalist)    Turns: 5884, Time: 00:09:55

Health: -2/46      AC:  7    Str:  8    XL:     7   Next: 16%
Magic:  12/13      EV: 13    Int: 17    God:
Gold:   243        SH:  0    Dex: 15    Spells: 7/14 levels left

rFire   . . .      SeeInvis .   q - +1 dagger (drain)
rCold   . . .      Faith    .   d - orb {*Rage}
rNeg    . . .      Spirit   .   a - +0 robe
rPois   .          Reflect  .   (no helmet)
rElec   .          Harm     .   (no cloak)
rCorr   .          Rampage  .   (no gloves)
Will    .....      Rage     20% s - +1 pair of boots
Stlth   +++.......              (no amulet)
HPRegen 0.15/turn               (no ring)
MPRegen 0.26/turn               (no ring)

@: no status effects
A: magic regeneration, sharp scales 3, demonic touch 1
a: no special abilities


You were on level 5 of the Dungeon.
You visited 1 branch of the dungeon, and saw 5 of its levels.

You collected 243 gold pieces.

Inventory:

Hand Weapons
 f - a +0 spear
 j - a +0 dagger
 q - a +1 dagger of draining (weapon)
 r - a +0 vorpal sling
Missiles
 t - 3 boomerangs
Armour
 a - a +0 robe (worn)
 d - an orb of wrath (worn)
 s - a +1 pair of boots (worn)
Magical Staves
 h - a staff of poison
Wands
 k - a wand of paralysis (2)
 o - a wand of digging (3)
Scrolls
 m - a scroll of fear
Potions
 b - a potion of magic
 c - 2 potions of mutation
 e - a potion of degeneration
 i - a potion of curing
 l - a potion of brilliance
 n - a potion of lignification
 p - a potion of berserk rage
 u - a potion of flight {unknown}


   Skills:
 + Level 3.8 Dodging
 + Level 4.1 Stealth
 + Level 4.0 Spellcasting
 + Level 5.0 Ice Magic


You had 7 spell levels left.
You knew the following spells:

 Your Spells              Type           Power      Damage    Failure   Level
a - Freeze                Ice            80%        1d9       1%          1
b - Frozen Ramparts       Ice            40%        1d6       6%          3
c - Ozocubu's Armour      Ice            20%        N/A       6%          3

Your spell library contained the following spells:

 Spells                   Type           Power      Damage    Failure   Level
 Hailstorm                Conj/Ice       12%        3d5       50%         4


Dungeon Overview and Level Annotations

Branches:
Dungeon (5/15)
 Temple: D:4-7

Altars:
Sif Muna

Annotations:
D:5 2 transporters, gobodom's ghost, amateur DsFE


Innate Abilities, Weirdness & Mutations

You regenerate magic rapidly.
You are completely covered in razor-sharp scales. (AC +3, Slay +3)
Your touch may inflict minor irresistible damage on your foes.


Message History

The adder moves out of view.
Unknown command.
v - a scroll labelled FUPLUNW VIZEUZ You now have 243 gold pieces (gained 16).
There are no items here.
As you read the scroll labelled FUPLUNW VIZEUZ, it crumbles to dust.
You feel aware of your surroundings.
It was a scroll of magic mapping.
As you read the scroll labelled LERCHE SUCHAWIR, it crumbles to dust.
Your body is wracked with pain!
It was a scroll of torment.
Unknown command.
An adder is nearby!
An adder is nearby!
Unknown command.
Found a stone staircase leading down.
An adder comes into view.
The adder moves out of view.
The adder hisses angrily.
The adder misses you.
Unknown command.
You freeze the adder.
The adder is heavily wounded.
The adder barely misses you.
You freeze the adder.
The adder is almost dead.
The adder seems to slow down.
The adder bites you but does no damage.
You freeze the adder!
You kill the adder!
You can't see any susceptible monsters within range! (Use Z to cast anyway.) Unknown command.
An ogre comes into view. It is wielding a +0 giant club.
You hit the ogre.
The ogre is moderately wounded.
The ogre hits you with a +0 giant club!!
* * * LOW HITPOINT WARNING * * *
You barely miss the ogre.
The ogre is moderately wounded.
You hit the ogre.
The ogre is heavily wounded.
The ogre hits you with a +0 giant club!
You die...

### ##.## ##...##### *
#........############### **
##...##......#..@......# *,
##.###..###....O..###.# *,
#.#*#.........##.# *,* **,
###.##...#####..#*.# *,* ***,,
..........#**#..#*,#**,** **,,,,
.##........,,.....,,,,,,****,,,,,
..#........,....##.,,,,,,,,,,,,>,
.................,,,,,,,,,,,,,,,,
..###.....#,**#.#.***,,,**,,,,,,,


You could see an ogre.

Vanquished Creatures
  Menkaure (D:4)
  A phantom (D:4)
  A scorpion (D:4)
  A howler monkey (D:5)
  A hound (D:4)
  An orc priest (D:5)
  3 iguanas (D:4)
  Terence (D:3)
  4 adders
  2 worms (D:2)
  2 dart slugs
  7 orcs
  7 ball pythons
  4 bats
  8 endoplasms
  5 giant cockroaches
  10 goblins
  6 hobgoblins
  3 jackals
  5 kobolds
  4 quokkas
  2 frilled lizards
  8 rats
87 creatures vanquished.

Notes
Turn   | Place    | Note
-------+----------+-------------------------------------------
     0 | D:1      | Zonian the Demonspawn Ice Elementalist began the quest for
                  | the Orb.
     0 | D:1      | Reached XP level 1. HP: 13/13 MP: 3/3
   412 | D:1      | Gained mutation: You are partially covered in razor-sharp
                  | scales. (AC +1, Slay +1) [demonic ancestry]
   412 | D:1      | Reached XP level 2. HP: 18/19 MP: 3/5
  1290 | D:2      | Gained mutation: You are mostly covered in razor-sharp
                  | scales. (AC +2, Slay +2) [demonic ancestry]
  1290 | D:2      | Reached XP level 3. HP: 22/24 MP: 0/6
  1765 | D:2      | Identified the +1 chain mail of the Desolation of Salt {rC+
                  | Int+6}
  2552 | D:2      | Reached skill level 4 in Ice Magic
  3242 | D:3      | Gained mutation: You regenerate magic rapidly. [demonic
                  | ancestry]
  3242 | D:3      | Reached XP level 4. HP: 29/29 MP: 7/7
  3383 | D:3      | Noticed Terence
  3402 | D:3      | Killed Terence
  3626 | D:4      | Noticed Menkaure
  3659 | D:4      | Noticed a phantom
  4106 | D:4      | Reached XP level 5. HP: 35/35 MP: 9/9
  4281 | D:4      | Found a shimmering blue altar of Sif Muna.
  4652 | D:4      | Learned a level 3 spell: Frozen Ramparts
  4656 | D:4      | Learned a level 3 spell: Ozocubu's Armour
  4673 | D:4      | Killed a phantom
  4674 | D:4      | Gained mutation: Your touch may inflict minor irresistible
                  | damage on your foes. [demonic ancestry]
  4674 | D:4      | Reached XP level 6. HP: 41/41 MP: 9/11
  5044 | D:4      | Killed Menkaure
  5349 | D:5      | Entered Level 5 of the Dungeon
  5388 | D:5      | Gained mutation: You are completely covered in razor-sharp
                  | scales. (AC +3, Slay +3) [demonic ancestry]
  5388 | D:5      | Reached XP level 7. HP: 25/46 MP: 9/12
  5648 | D:5      | Reached skill level 5 in Ice Magic
  5707 | D:5      | Found a transporter.
  5720 | D:5      | Noticed gobodom's ghost (amateur DsFE)
  5730 | D:5      | Found a transporter.
  5884 | D:5      | Slain by an ogre

Illustrated notes

Levels and vault maps discovered:
D:1:      mushboom_english_gardens, layout_basic
D:2:      minmay_inner_zag, layout_loops_corners, basic_altar
D:3:      layout_basic, uniq_terence
D:4:      layout_loops_cross, mainiacjoe_overflow_six_doors_small,
          minmay_quadrilaterals, uniq_menkaure
D:5:      layout_loops_ring, gammafunk_ghost_stat_death

Skill      XL: |  1  2  3  4  5  6  7 |
---------------+----------------------+-----
Dodging        | 2 3 |  3.8
Stealth        | 2 3 4 |  4.1
Ice Magic      | 4 5 |  5.0
Spellcasting   | 3 4 |  4.0

Action                   |  1- 3 |  4- 6 |  7- 9 || total
-------------------------+-------+-------+-------++-------
Melee: Unarmed           |     3 |       |       ||     3
       Dagger            |    46 |    69 |    16 ||   131
       Spear             |     7 |       |       ||     7
 Cast: Freeze            |    60 |    16 |     3 ||    79
       Frozen Ramparts   |       |     1 |       ||     1
Evoke: Wand              |       |     1 |       ||     1
  Use: Scroll            |       |    13 |     2 ||    15
 Stab: Sleeping          |     3 |     3 |       ||     6
       Paralysed         |       |     2 |       ||     2
Armor: Robe              |    29 |    12 |     3 ||    44
Dodge: Dodged            |    45 |    43 |    10 ||    98

Table legend: (Time is in decaauts)
 A = Elapsed time spent in this place.
 B = Non-inter-level travel time spent in this place.
 C = Inter-level travel time spent in this place.
 D = Time resting spent in this place.
 E = Time spent auto-exploring this place.
 F = Levels seen in this place.
 G = Mean time per level.
                   A        B        C        D        E       F      G
               +--------+--------+--------+--------+--------+-----+--------+
         Total |   6048 |   5899 |    149 |   1960 |   2820 |   5 | 1209.6 |
       Dungeon |   6048 |   5899 |    149 |   1960 |   2820 |   5 | 1209.6 |
               +--------+--------+--------+--------+--------+-----+--------+

Top non-repeatable levels by time:
     D:2: 2084 daAuts
     D:4: 1350 daAuts
     D:3: 1048 daAuts
     D:1: 1025 daAuts
     D:5: 540 daAuts
